 Dungeon Crawl Stone Soup version bcrawl-1.21.2-1-g32d02e0829 (webtiles) character file.

Game seed: 3124530015767449594

255 Foic the Shield-Bearer (level 5, 0/45 HPs)
             Began as a Demigod Fighter on Feb 24, 2020.
             Slain by a river rat (1 damage)
             ... in a sewer.
             The game lasted 00:09:45 (3100 turns).

Foic the Shield-Bearer (Demigod Fighter)            Turns: 3100, Time: 00:09:45

Health: 0/45       AC:  9    Str: 24    XL:     5   Next: 91%
Magic:  9/9        EV:  6    Int: 12    God:    Demigod [**....]
Gold:   318        SH: 14    Dex: 19    Spells: 4/4 levels left

rFire    . . .     SeeInvis .   a - +0 long sword
rCold    . . .     Gourm    .   d - +2 shield
rNeg     . . .     Faith    .   n - +0 chain mail
rPois    .         Spirit   .   (no helmet)
rElec    .         Reflect  .   (no cloak)
rCorr    .         Harm     .   (no gloves)
MR       .....                  (no boots)
Stlth    ..........             (no amulet)
HPRegen  0.15/turn              m - +2 ring of strength
MPRegen  0.11/turn              x - +3 ring of dexterity

@: no status effects
A: high mp 1
a: Temporal Distortion, Growth


You were in a sewer.
You worshipped Demigod.
Demigod was pleased with you.
You were hungry.

You visited 1 branch of the dungeon, and saw 4 of its levels.
You also visited: Sewer.

You collected 318 gold pieces.

Inventory:

Hand Weapons
 a - a +0 long sword (weapon)
 t - a +2 dagger of electrocution
Missiles
 h - 958 stones (quivered)
Armour
 b - a +0 scale mail
 d - a +2 shield (worn)
 n - a +0 chain mail (worn)
Jewellery
 m - a +2 ring of strength (left hand)
 u - an uncursed amulet of faith
 x - a +3 ring of dexterity (right hand)
Scrolls
 f - 2 scrolls of immolation
 g - 3 scrolls of identify
 i - a scroll of magic mapping
 q - 5 scrolls of remove curse {unknown}
 s - a scroll of enchant armour {unknown}
 w - a scroll of teleportation {unknown}
 y - a scroll of blinking {unknown}
Potions
 c - 2 potions of lignification
 j - a potion of agility
 l - 4 potions of flight {unknown}
 o - 2 potions of invisibility {unknown}
 p - a potion of might
 r - 2 potions of heal wounds {unknown}
 v - a potion of mutation {unknown}
 z - a potion of curing {unknown}
Comestibles
 e - 10 rations {!d}
 A - 7 chunks of flesh


   Skills:
 + Level 3.1 Fighting
 + Level 3.3 Long Blades
 + Level 3.3 Armour
 + Level 0.9 Dodging
 + Level 3.8 Shields
 * Level 2.8 Invocations


You had 4 spell levels left.
You didn't know any spells.
Your spell library was empty.

Dungeon Overview and Level Annotations

Branches:
Dungeon (4/12)
 Temple: D:4-7


Innate Abilities, Weirdness & Mutations

You have an increased reservoir of magic. (+10% MP)


Message History

You block the river rat's attack. The river rat bites you.
* * * LOW HITPOINT WARNING * * *
The rat bites you but does no damage. You block the river rat's attack.
The river rat bites you.
* * * LOW HITPOINT WARNING * * *
The river rat bites you but does no damage.
The rat bites you but does no damage.
It was a potion of agility.
You feel agile all of a sudden.
The river rat bites you but does no damage. x2
You block the river rat's attack. The rat bites you but does no damage.
It was a potion of cancellation.
Your magical effects are unravelling.
You feel magically purged.
You feel less wooden.
Your +0 chain mail unmelds from your body.
You feel a little less agile now. You block the river rat's attack.
The river rat bites you.
You die...
Your divinity fades.

*≈*≈*≈≈≈≈≈##≈.....##...........,,
≈*≈*≈#≈≈≈≈≈≈≈≈≈≈≈.≈............≈≈
*≈*≈#≈≈≈≈≈≈≈≈≈≈≈≈≈.≈≈...≈≈≈.≈≈≈≈≈
≈*≈#≈#≈≈≈≈≈≈≈≈≈≈≈≈≈≈≈≈≈≈≈≈≈≈≈≈≈≈≈
*≈*≈#≈≈≈≈≈≈≈≈≈≈≈≈≈≈≈÷≈≈≈≈≈≈≈≈≈≈≈≈
≈*≈*≈#≈≈≈≈≈≈≈≈≈≈≈≈≈≈..≈...≈≈≈≈≈≈≈
######≈≈≈≈≈≈≈≈≈≈÷.≈≈≈.....≈.≈≈≈≈≈
..#..#≈≈≈≈≈≈≈≈.≈rr≈............≈.
.....#)..≈.≈..≈.@rJ..............
#...)'...........r.....÷......÷..
.....#..............÷..........##
..#..#...............##.......###
########..###......#####..##...##
#### ##...######..#####..∩ #####
#∩..## #### #####


You could see an ooze, 3 river rats and a rat.

Vanquished Creatures
  A phantom (D:3)
  A bullfrog zombie (D:3)
  3 adders
  A river rat (Sewer)
  3 oozes
  A worm (D:3)
  2 dart slugs
  4 leopard geckos
  2 orcs
  9 bats
  3 giant cockroaches
  5 hobgoblins
  8 jackals
  2 quokkas
  3 frilled lizards
  3 goblins
  11 kobolds
  18 rats
80 creatures vanquished.

Notes
Turn   | Place    | Note
-------+----------+-------------------------------------------
     0 | D:1      | Foic the Demigod Fighter began the quest for the Orb.
     0 | D:1      | Reached XP level 1. HP: 18/18 MP: 3/3
   394 | D:1      | Reached XP level 2. HP: 25/25 MP: 4/4
   395 | D:1      | Reached skill level 1 in Invocations
  1068 | D:2      | Found an ancient bone altar of Kikubaaqudgha.
  1122 | D:2      | Found a basalt altar of Yredelemnul.
  1208 | D:2      | Reached XP level 3. HP: 30/30 MP: 6/6
  1319 | D:2      | Found a faded altar of an unknown god.
  1323 | D:2      | Reached * piety under Demigod
  1770 | D:3      | Reached XP level 4. HP: 4/38 MP: 8/8
  2153 | D:3      | Noticed a phantom
  2188 | D:3      | Killed a phantom
  2188 | D:3      | Reached XP level 5. HP: 43/45 MP: 9/9
  2293 | D:3      | Found a bloodstained altar of Trog.
  2746 | D:4      | Found a glowing drain.
  2802 | Sewer    | Entered a sewer
  2860 | Sewer    | Reached ** piety under Demigod
  3098 | Sewer    | HP: 2/67 [river rat (6)]
  3100 | Sewer    | Slain by a river rat

Skill      XL: |  1  2  3  4 |
---------------+-------------+-----
Shields        | 3 |  3.8
Invocations    | 1 2 |  2.8
Long Blades    | 2 3 |  3.3
Fighting       | 3 |  3.1
Armour         | 3 |  3.3
Dodging        | |  0.9

Action                   |  1- 3 |  4- 6 || total
-------------------------+-------+-------++-------
Melee: Long sword        |   149 |   138 ||   287
  Use: Potion            |     1 |     3 ||     4
       Scroll            |     2 |     1 ||     3
  Eat: Chunk             |     3 |     4 ||     7
Armor: Scale mail        |    48 |       ||    48
       Chain mail        |    27 |    66 ||    93
       Skin              |       |     6 ||     6
Dodge: Dodged            |    41 |    45 ||    86
Block: Shield            |   118 |   127 ||   245
